 Dungeon Crawl Stone Soup version 0.21-a0-200-gb89f83b (webtiles) character file.

422 rin1221 the Conjurer (level 6, -2/34 HPs)
             Began as a Tengu Conjurer on Aug 17, 2017.
             Slain by a worker ant (5 damage)
             ... while paralysed by Ijyb
             ... on level 4 of the Dungeon.
             The game lasted 00:13:18 (3804 turns).

rin1221 the Conjurer (Tengu Conjurer)               Turns: 3804, Time: 00:13:19

Health: -2/34      AC:  2    Str:  8    XL:     6   Next: 95%
Magic:  21/22      EV:  2    Int: 17    God:
Gold:   215        SH:  0    Dex: 15    Spells: 3/13 levels left

rFire    . . .     SeeInvis .   q - +0 dagger
rCold    . . .     Gourm    .   (no shield)
rNeg     . . .     Faith    .   a - +0 robe
rPois    .         Spirit   .   (helmet restricted)
rElec    .         Reflect  .   (no cloak)
rCorr    +         Harm     .   (no gloves)
MR       .....                  (boots unavailable)
Stlth    ++........             (no amulet)
HPRegen  0.11/turn              u - ring of magical power
MPRegen  0.18/turn              l - ring of resist corrosion

@: paralysed, lethally poisoned (-2 -> -6), flying quickly and evasively, quick
A: beak, talons 3, able to fly 1
a: no special abilities


You were on level 4 of the Dungeon.
You were not hungry.

You visited 1 branch of the dungeon, and saw 4 of its levels.

You collected 215 gold pieces.

Inventory:

Hand Weapons
 q - a +0 dagger (weapon)
 y - a +1 whip of electrocution
 A - a +0 blowgun
Missiles
 o - 12 poisoned needles
 p - 45 stones (quivered)
 w - 62 arrows
Armour
 a - a +0 robe (worn)
Jewellery
 l - a ring of resist corrosion (right hand)
 u - a ring of magical power (left hand)
Wands
 e - a wand of clouds (7/9)
Scrolls
 j - 3 scrolls of fear
 m - a scroll of remove curse
 v - 2 scrolls of identify
Potions
 d - a potion of heal wounds {unknown}
 g - a potion of brilliance {unknown}
 h - a potion of magic {unknown}
 i - 2 potions of might {unknown}
 k - a potion of lignification {unknown}
 r - a potion of curing {unknown}
 x - 2 potions of flight
 z - 2 potions of invisibility {unknown}
Books
 b - a book of Conjurations

   Spells                             Type                      Level
   a - Magic Dart                     Conjuration                  1
   b - Searing Ray                    Conjuration                  2
   c - Dazzling Spray                 Conjuration/Hexes            3
   d - Fulminant Prism                Conjuration/Hexes            4
   e - Force Lance                    Conjuration/Translocation    4
   f - Iskenderun's Mystic Blast      Conjuration                  4
Comestibles
 c - 4 bread rations
 f - 2 meat rations
 n - 3 chunks of flesh
 s - a fruit


   Skills:
 - Level 1.0 Fighting
 * Level 5.1 Dodging
 - Level 2.0 Stealth
 * Level 4.3 Spellcasting
 - Level 5.3 Conjurations
 + Level 1.7 Hexes
 + Level 0.4 Translocations
 + Level 0.4 Evocations


You had 3 spell levels left.
You knew the following spells:

 Your Spells              Type           Power        Failure   Level  Hunger
a - Magic Dart            Conj           ###.         1%          1    None
b - Searing Ray           Conj           ###...       2%          2    ##.....
c - Dazzling Spray        Conj/Hex       ###...       11%         3    ###....
d - Force Lance           Conj/Tloc      ##......     43%         4    ####...


Dungeon Overview and Level Annotations

Branches:
Dungeon (4/15)
 Temple: D:4-7

Altars:
Dithmenos

Annotations:
D:4 Ijyb


Innate Abilities, Weirdness & Mutations

You have a beak for a mouth.
You have claws for feet.
You can fly.


Message History

The worker ant barely misses you.
Ijyb zaps a wand.
You resist with some effort.
Ijyb zaps a wand.
You resist with some effort. The worker ant closely misses you.
Ijyb zaps a wand.
You suddenly lose the ability to move!
The worker ant bites you.
* * * LOW HITPOINT WARNING * * *
You are poisoned.
The worker ant poisons you!
* * * LOW HITPOINT WARNING * * *
You feel sick.
The worker ant bites you but does no damage.
Ijyb hits you but does no damage. The worker ant bites you.
* * * LOW HITPOINT WARNING * * *
* * * LOW HITPOINT WARNING * * *
You feel sick.
Ijyb zaps a wand.
You resist with some effort. The worker ant bites you.
* * * LOW HITPOINT WARNING * * *
Ijyb hits you but does no damage. The worker ant bites you.
You die...

#.#####.# #....../..
#.#.....# #.........
#.....### #.......
####+#.#######....#
#......##....#....#####
#......##....#.........
#............#.........
#.....##...#.#g........
#.....##..##.@a........
#.....##++##.#.........
#.....# #.#....#####
#.....# ##......#
#.....# #.......#
#.....#####...#####
#.....#.##....#
#.....#.......#
####.##.......#


You could see Ijyb and a worker ant.

Vanquished Creatures
  An orc priest (D:4)
  3 orc wizards
  A worker ant (D:4)
  11 gnolls
  8 adders
  2 oozes
  2 worms
  3 dart slugs
  3 leopard geckos
  5 orcs
  5 giant cockroaches
  7 goblins
  11 hobgoblins
  8 kobolds
  5 quokkas
  2 ball pythons (D:2)
  8 bats
  3 frilled lizards (D:1)
  8 rats
96 creatures vanquished.

Notes
Turn   | Place    | Note
-------+----------+-------------------------------------------
     0 | D:1      | rin1221 the Tengu Conjurer began the quest for the Orb.
     0 | D:1      | Reached XP level 1. HP: 10/10 MP: 4/4
   284 | D:1      | Reached XP level 2. HP: 16/16 MP: 1/6
   336 | D:1      | Learned a level 2 spell: Searing Ray
   592 | D:1      | Reached skill level 1 in Fighting
   592 | D:1      | Reached XP level 3. HP: 20/20 MP: 0/7
   681 | D:1      | Learned a level 3 spell: Dazzling Spray
  1366 | D:2      | Reached XP level 4. HP: 25/25 MP: 3/9
  1996 | D:2      | Found a faded altar of an unknown god.
  2122 | D:2      | Gained mutation: You can fly. [Tengu growth]
  2122 | D:2      | Reached XP level 5. HP: 29/29 MP: 10/10
  2126 | D:2      | Reached skill level 1 in Hexes
  2433 | D:3      | Reached XP level 6. HP: 20/34 MP: 10/12
  2638 | D:3      | Learned a level 4 spell: Force Lance
  3229 | D:3      | Found a shadowy altar of Dithmenos.
  3458 | D:4      | Reached skill level 5 in Dodging
  3784 | D:4      | Noticed Ijyb
  3788 | D:4      | Paralysed by Ijyb for 7 turns
  3800 | D:4      | Paralysed by Ijyb for 4 turns
  3804 | D:4      | Slain by a worker ant

Vault maps used:
D:1:      denvon_arrival_waterhouse, minmay_misc_feat_ornament
D:2:      chequers_ecumenical_altar_island
D:3:      first_bread, nicolae_dithmenos_shadow_blocks
D:4:      gammafunk_temple_overflow_wave, minmay_temple_entry_statues_pillars,
          uniq_ijyb

Skill      XL: |  1  2  3  4  5  6 |
---------------+-------------------+-----
Fighting       | 1 |  1.0
Dodging        | 3 4 5 |  5.1
Spellcasting   | 3 4 |  4.3
Hexes          | 1 |  1.7
Stealth        | |  2.0
Conjurations   | |  5.3
Translocations | |  0.4
Evocations     | |  0.4

Action                   |  1- 3 |  4- 6 || total
-------------------------+-------+-------++-------
Melee: Unarmed           |    15 |       ||    15
       Kick              |     9 |       ||     9
       Dagger            |     2 |     5 ||     7
       Peck              |     1 |       ||     1
 Cast: Magic Dart        |    74 |   123 ||   197
       Searing Ray       |       |    14 ||    14
  Use: Scroll            |       |    11 ||    11
       Potion            |       |     1 ||     1
  Eat: Chunk             |     2 |     6 ||     8
       Royal jelly       |       |     1 ||     1
Armor: Robe              |     4 |     9 ||    13
Dodge: Dodged            |    14 |    39 ||    53
